Atomiques vs Staline
(R1)
Created - December 27, 2017 at 07:57
Goals
|
| Atomiques |
1 |
3 |
0 |
4 |
| Staline |
1 |
2 |
4 |
7 |
|
Shots
|
| Atomiques |
13 |
8 |
14 |
35 |
| Staline |
9 |
13 |
10 |
32 |
|
1st period
1. Atomiques , Kenndal McArdle 20 (Ryan Shannon 17, Tyler Brenner 26) at 7:40
2. Staline , Lars Eller 10 (Jeff Skinner 15) at 18:39
Penalties :
Ryan Shannon (STB) for Interference (Minor) at 4:10
2nd period
3. Staline , Marek Zagrapan 5 (Danny Kristo 3, Bryan Bickell 10) at 4:04
4. Atomiques , Kenndal McArdle 21 (Tyler Brenner 27, Sergei Bobrovsky) at 5:27
5. Atomiques , Tyler Brenner 10 (Ryan Shannon 18) at 13:08
6. Staline , Lars Eller 11 (Jeff Skinner 16, Tyler Pitlick 15) at 16:07 (PP)
7. Atomiques , Kyle Wharton 3 (Jonas Junland 9, Anthony Nigro 2) at 17:22
Penalties :
Tyler Brenner (STB) for Tripping (Minor) at 1:49, Eric Mestery (STB) for Holding Stick (Minor) at 15:58, Brandon Burlon (StJ) for Hooking (Minor) at 18:53
3rd period
8. Staline , Brandon Burlon 5 (Dustin Kohn 28, James Sheppard 9) at 8:02
9. Staline , Lars Eller 12 (Dustin Kohn 29, Tyler Pitlick 16) at 11:30 (PP)
10. Staline , Corey Trivino 9 (Jiri Sekac 4, Viktor Loov 3) at 12:56
11. Staline , Bryan Bickell 5 (Dustin Kohn 30) at 18:52
Penalties :
Eric Mestery (STB) for Roughing (Minor) at 11:27, Lars Eller (StJ) for Hooking (Minor) at 13:43, Corey Trivino (StJ) for High sticking (Minor) at 16:09
Goalie Stats
Sergei Bobrovsky (STB), 25 saves from 32 shots - (0.781), L, 16-4-1, 60:00 minutes
Allen York (StJ), 31 saves from 35 shots - (0.886), W, 15-4-3, 60:00 minutes
Players Stats for Atomiques
Player Name G A P +/- PIM S H SB GA TA FO MP PP MP PK MP
------------------------------------------------------------------------------------
Andrew Kozek 0 0 0 -3 0 2 2 1 0 0 0/0 12:07 0:00 0:51
Anthony Nigro 0 1 1 -1 0 0 0 1 0 0 2/3 5:28 0:00 0:00
Bobby Farnham 0 0 0 -3 0 0 1 0 0 0 0/1 11:16 0:00 0:00
Brett Sutter 0 0 0 -3 0 0 5 0 1 1 2/7 12:20 0:00 1:01
Brock McGinn 0 0 0 -1 0 2 0 0 0 0 0/0 5:28 0:00 0:00
Colby Cohen 0 0 0 -2 0 0 0 0 0 0 0/0 9:42 0:00 0:00
Corey Tropp 0 0 0 1 0 1 3 0 0 0 0/0 16:37 2:31 0:00
Darren Kramer 0 0 0 0 0 0 0 0 0 0 0/0 0:14 0:00 0:14
Davis Drewiske 0 0 0 0 0 2 2 0 0 0 0/0 26:59 3:24 2:31
Dwight King 0 0 0 1 0 2 1 1 1 1 0/0 17:36 2:31 0:50
Eric Gustafsson 0 0 0 1 0 0 0 0 0 0 0/0 4:11 0:00 0:00
Eric Mestery 0 0 0 1 4 0 0 0 0 0 0/0 4:09 0:00 0:00
Fredrik Claesson 0 0 0 0 0 0 0 0 0 0 0/0 0:00 0:00 0:00
John Draeger 0 0 0 0 0 0 0 0 0 0 0/0 0:00 0:00 0:00
Jonas Junland 0 1 1 0 0 4 0 3 0 2 0/0 19:08 2:33 1:39
Joseph Cramarossa 0 0 0 0 0 0 0 0 0 0 0/1 1:35 0:00 1:35
Kenndal McArdle 2 0 2 2 0 6 1 1 0 2 1/5 24:49 3:26 2:29
Kyle Wharton 1 0 1 0 0 1 0 1 1 1 0/0 19:08 2:33 1:39
Marc-André Cliche 0 0 0 1 0 2 2 1 0 0 5/9 16:37 2:31 0:00
Mike Halmo 0 0 0 0 0 0 0 0 0 0 0/0 0:00 0:00 0:00
Mitch Callahan 0 0 0 -1 0 0 0 0 0 0 0/0 5:28 0:00 0:00
Ryan Shannon 0 2 2 2 2 4 0 0 0 2 1/5 22:31 3:26 0:03
Shayne Gostisbehere 0 0 0 -2 0 1 1 0 0 1 0/0 9:42 0:00 0:00
Steve McCarthy 0 0 0 0 0 3 0 2 1 0 0/0 26:59 3:24 2:31
Tyler Brenner 1 2 3 2 2 5 1 0 0 0 23/46 23:42 3:26 1:17
Players Stats for Staline
Player Name G A P +/- PIM S H SB GA TA FO MP PP MP PK MP
------------------------------------------------------------------------------------
Andrey Pedan 0 0 0 1 0 0 1 1 0 1 0/0 12:44 0:13 1:29
Barclay Goodrow 0 0 0 1 0 0 0 1 0 0 0/0 7:40 0:00 0:00
Brandon Burlon 1 0 1 -1 2 3 4 0 0 0 0/0 24:55 2:47 2:06
Bryan Bickell 1 1 2 1 0 2 1 0 0 0 0/0 11:27 0:00 1:25
Charles Hudon 0 0 0 0 0 0 0 0 0 0 0/0 0:00 0:00 0:00
Corey Trivino 1 0 1 1 2 3 1 1 0 0 2/4 7:41 0:00 0:00
Danny Kristo 0 1 1 1 0 3 0 0 0 0 1/1 10:00 0:00 0:00
David Desharnais 0 0 0 0 0 1 3 0 0 0 5/11 19:21 1:42 3:36
Dustin Kohn 0 3 3 -1 0 5 5 1 0 0 0/0 29:27 2:47 3:35
James Sheppard 0 1 1 0 0 1 1 1 0 0 0/0 15:45 1:42 0:00
Jeff Skinner 0 2 2 -1 0 2 1 0 1 0 1/1 20:42 2:28 0:06
Jiri Sekac 0 1 1 1 0 0 1 0 0 0 0/0 7:40 0:00 0:00
Jordan Caron 0 0 0 0 0 0 0 0 0 0 0/1 16:35 1:42 0:50
Lars Eller 3 0 3 -1 2 5 0 1 3 0 28/48 23:03 2:28 2:28
Marek Zagrapan 1 0 1 1 0 5 2 0 1 0 3/7 11:44 0:00 1:41
Mike Reilly 0 0 0 1 0 0 0 0 0 1 0/0 11:15 0:13 0:00
Nikita Nesterov 0 0 0 0 0 0 0 0 0 0 0/0 3:02 0:00 0:00
Peter Holland 0 0 0 0 0 0 0 0 0 0 0/0 0:58 0:00 0:58
Philip Larsen 0 0 0 1 0 0 1 0 0 1 0/0 19:18 1:10 2:22
Tyler Pitlick 0 2 2 -1 0 2 2 0 4 0 3/4 21:25 2:28 0:50
Viktor Loov 0 1 1 1 0 0 0 0 1 1 0/0 19:18 1:10 2:22
3 Stars
1 - Kenndal McArdle (STB)
2 - Lars Eller (StJ)
3 - Tyler Brenner (STB)
Power Play
Atomiques - 0 on 3 Attempt(s) - 0.00%
Staline - 2 on 4 Attempt(s) - 50.00%
Penalty Kill
Atomiques - 2 on 4 Attempt(s) - 50.00%
- Score 0 goal in Penalty Kill
Staline - 3 on 3 Attempt(s) - 100.00%
- Score 0 goal in Penalty Kill
Team Stat
Atomiques - Hits : 19 - Faceoff Wins : 34 - Blocked Shots : 11 - Penalty Minutes : 8
Staline - Hits : 23 - Faceoff Wins : 43 - Blocked Shots : 6 - Penalty Minutes : 6
Official
Referees : Peel Tim and McCauley Wes
Linesman : Mark Pare and Thor Nelson
Game Notes
Lars Eller has scored a Hat Trick!
Finance
Level 1 -- Attendance: 1383 (69.15%) -- Ticket Income $55,320
Level 2 -- Attendance: 754 (75.40%) -- Ticket Income $15,080
Total Attendance: 2137 (71.23%)
Total Ticket Income: $70,400
Other Income: $3,520
Total Income: $73,920
Atomiques
5 vs 5 Forward
Center Left Wing Right Wing Time % Phy DF OF
1 Tyler Brenner Kenndal McArdle Ryan Shannon 40 1 2 2
2 Marc-André Cliche Dwight King Corey Tropp 30 1 2 2
3 Brett Sutter Andrew Kozek Bobby Farnham 20 1 2 2
4 Anthony Nigro Brock McGinn Mitch Callahan 10 1 2 2
5 vs 5 Defense
Defense Defense Time % Phy DF OF
1 Steve McCarthy Davis Drewiske 40 1 2 2
2 Kyle Wharton Jonas Junland 30 1 2 2
3 Shayne Gostisbehere Colby Cohen 20 1 2 2
4 Eric Mestery Eric Gustafsson 10 1 2 2
PowerPlay Forward
Center Left Wing Right Wing Time % Phy DF OF
1 Tyler Brenner Kenndal McArdle Ryan Shannon 60 1 2 2
2 Marc-André Cliche Dwight King Corey Tropp 40 1 2 2
PowerPlay Defense
Defense Defense Time % Phy DF OF
1 Steve McCarthy Davis Drewiske 60 1 2 2
2 Kyle Wharton Jonas Junland 40 1 2 2
Penalty Kill 4 Players Forward
Center Wing Time % Phy DF OF
1 Tyler Brenner Kenndal McArdle 60 1 2 2
2 Ryan Shannon Dwight King 40 1 2 2
Penalty Kill 4 Players Defense
Defense Defense Time % Phy DF OF
1 Steve McCarthy Davis Drewiske 60 1 2 2
2 Kyle Wharton Jonas Junland 40 1 2 2
Penalty Kill - 3 Players Forward
Forward Time % Phy DF OF
1 Tyler Brenner 60 1 2 2
2 Kenndal McArdle 40 1 2 2
Penalty Kill - 3 Players Defense
Defense Defense Time % Phy DF OF
1 Steve McCarthy Davis Drewiske 60 1 2 2
2 Kyle Wharton Jonas Junland 40 1 2 2
4 vs 4 Forward
Center Wing Time % Phy DF OF
1 Tyler Brenner Kenndal McArdle 60 1 2 2
2 Ryan Shannon Dwight King 40 1 2 2
4 vs 4 Defense
Defense Defense Time % Phy DF OF
1 Steve McCarthy Davis Drewiske 60 1 2 2
2 Kyle Wharton Jonas Junland 40 1 2 2
Last Minutes Offensive
Center Left Wing Right Wing Defense Defense
Tyler Brenner Kenndal McArdle Ryan Shannon Steve McCarthy Davis Drewiske
Last Minutes Defensive
Center Left Wing Right Wing Defense Defense
Tyler Brenner Kenndal McArdle Ryan Shannon Steve McCarthy Davis Drewiske
Goaltenders
Starting : Sergei Bobrovsky
Backup : Jeremy Smith
Extra Forwards
Normal : Darren Kramer, Mike Halmo, Joseph Cramarossa - PP : Darren Kramer, Mike Halmo - PK : Joseph Cramarossa
Extra Defensemen
Normal : John Draeger, Fredrik Claesson, Shayne Gostisbehere - PP : John Draeger - PK : Fredrik Claesson, Shayne Gostisbehere
Penalty Shots
Tyler Brenner, Kenndal McArdle, Ryan Shannon, Dwight King, Andrew Kozek
Scratches
Max McCormick (Healthy), Andreas Engqvist (Right Eye Injury), Francois Tremblay (Healthy)
Staline
5 vs 5 Forward
Center Left Wing Right Wing Time % Phy DF OF
1 Lars Eller Jeff Skinner Tyler Pitlick 40 1 2 2
2 David Desharnais James Sheppard Jordan Caron 30 1 2 2
3 Marek Zagrapan Bryan Bickell Danny Kristo 20 1 2 2
4 Corey Trivino Jiri Sekac Barclay Goodrow 10 1 2 2
5 vs 5 Defense
Defense Defense Time % Phy DF OF
1 Dustin Kohn Brandon Burlon 40 1 2 2
2 Philip Larsen Viktor Loov 30 1 2 2
3 Mike Reilly Andrey Pedan 20 1 2 2
4 Nikita Nesterov Dustin Kohn 10 1 2 2
PowerPlay Forward
Center Left Wing Right Wing Time % Phy DF OF
1 Lars Eller Jeff Skinner Tyler Pitlick 60 1 2 2
2 David Desharnais James Sheppard Jordan Caron 40 1 2 2
PowerPlay Defense
Defense Defense Time % Phy DF OF
1 Dustin Kohn Brandon Burlon 60 1 2 2
2 Philip Larsen Viktor Loov 40 1 2 2
Penalty Kill 4 Players Forward
Center Wing Time % Phy DF OF
1 Lars Eller David Desharnais 60 1 2 2
2 Tyler Pitlick Jordan Caron 40 1 2 2
Penalty Kill 4 Players Defense
Defense Defense Time % Phy DF OF
1 Dustin Kohn Brandon Burlon 60 1 2 2
2 Philip Larsen Viktor Loov 40 1 2 2
Penalty Kill - 3 Players Forward
Forward Time % Phy DF OF
1 Lars Eller 60 1 2 2
2 David Desharnais 40 1 2 2
Penalty Kill - 3 Players Defense
Defense Defense Time % Phy DF OF
1 Dustin Kohn Brandon Burlon 60 1 2 2
2 Philip Larsen Viktor Loov 40 1 2 2
4 vs 4 Forward
Center Wing Time % Phy DF OF
1 Lars Eller David Desharnais 60 1 2 2
2 Tyler Pitlick Jordan Caron 40 1 2 2
4 vs 4 Defense
Defense Defense Time % Phy DF OF
1 Dustin Kohn Brandon Burlon 60 1 2 2
2 Philip Larsen Viktor Loov 40 1 2 2
Last Minutes Offensive
Center Left Wing Right Wing Defense Defense
Lars Eller Jeff Skinner Tyler Pitlick Dustin Kohn Brandon Burlon
Last Minutes Defensive
Center Left Wing Right Wing Defense Defense
Lars Eller Jeff Skinner Tyler Pitlick Dustin Kohn Brandon Burlon
Goaltenders
Starting : Allen York
Backup : Darcy Kuemper
Extra Forwards
Normal : Peter Holland, Charles Hudon, Marek Zagrapan - PP : Peter Holland, Charles Hudon - PK : Marek Zagrapan
Extra Defensemen
Normal : Mike Reilly, Andrey Pedan, Nikita Nesterov - PP : Mike Reilly - PK : Andrey Pedan, Nikita Nesterov
Penalty Shots
Lars Eller, David Desharnais, Tyler Pitlick, Jordan Caron, Jeff Skinner
Scratches
David Musil (Left Foot Injury), Joni Ortio (Healthy), Sean Maguire (Healthy)
% Time on Ice - Atomiques
Lines # - Real PCT - Wanted PCT - Time Play
Normal Forward
1 - 38% - 40% - 18:54
2 - 29% - 30% - 14:15
3 - 23% - 20% - 11:16
4 - 11% - 10% - 5:28
Normal Defense
1 - 42% - 40% - 21:04
2 - 30% - 30% - 14:56
3 - 19% - 20% - 9:42
4 - 8% - 10% - 4:11
PP Forward
1 - 58% - 60% - 3:26
2 - 42% - 40% - 2:31
PP Defense
1 - 57% - 60% - 3:24
2 - 43% - 40% - 2:33
PK Forward
1 - 80% - 60% - 3:20
2 - 20% - 40% - 0:50
PK Defense
1 - 60% - 60% - 2:31
2 - 40% - 40% - 1:39
PK3 Forward
1 - 0% - 60%
2 - 0% - 40%
PK3 Defense
1 - 0% - 60%
2 - 0% - 40%
44 Forward
1 - 0% - 60%
2 - 0% - 40%
44 Defense
1 - 0% - 60%
2 - 0% - 40%
Last Minute Offensive - 0:00
Last Minute Defensive - 0:00
Total
Forward - 60:00
Defense - 60:00
|
% Time on Ice - Staline
Lines # - Real PCT - Wanted PCT - Time Play
Normal Forward
1 - 36% - 40% - 18:10
2 - 28% - 30% - 14:03
3 - 20% - 20% - 10:00
4 - 15% - 10% - 7:40
Normal Defense
1 - 41% - 40% - 20:22
2 - 32% - 30% - 15:46
3 - 21% - 20% - 10:43
4 - 6% - 10% - 3:02
PP Forward
1 - 59% - 60% - 2:28
2 - 41% - 40% - 1:42
PP Defense
1 - 72% - 60% - 3:00
2 - 28% - 40% - 1:10
PK Forward
1 - 86% - 60% - 5:07
2 - 14% - 40% - 0:50
PK Defense
1 - 60% - 60% - 3:35
2 - 40% - 40% - 2:22
PK3 Forward
1 - 0% - 60%
2 - 0% - 40%
PK3 Defense
1 - 0% - 60%
2 - 0% - 40%
44 Forward
1 - 0% - 60%
2 - 0% - 40%
44 Defense
1 - 0% - 60%
2 - 0% - 40%
Last Minute Offensive - 0:00
Last Minute Defensive - 0:00
Total
Forward - 60:00
Defense - 60:00
|
Play by Play
1st period
0:01 of 1st period - Tyler Brenner wins face-off versus Lars Eller in neutral zone.
0:11 of 1st period - Snap shot by Ryan Shannon.
0:11 of 1st period - Stopped by Allen York with a rebound.
1:14 of 1st period - Wrist shot by Corey Trivino.
1:14 of 1st period - Stopped by Sergei Bobrovsky with a rebound.
2:22 of 1st period - Wrist shot by Andrew Kozek.
2:22 of 1st period - Shot Misses the Net.
3:33 of 1st period - Wrist shot by Corey Trivino.
3:33 of 1st period - Shot Misses the Net.
3:57 of 1st period - Kenndal McArdle is hit by Philip Larsen and loses puck.
4:04 of 1st period - Wrist shot by Tyler Pitlick.
4:04 of 1st period - Stopped by Sergei Bobrovsky with a rebound.
4:10 of 1st period - Minor Penalty to Ryan Shannon for Interference.
4:11 of 1st period - Tyler Brenner wins face-off versus Lars Eller in Atomiques zone.
4:21 of 1st period - Off-side.
4:22 of 1st period - Tyler Brenner wins face-off versus Lars Eller in neutral zone.
4:29 of 1st period - Steve McCarthy is hit by Brandon Burlon.
5:41 of 1st period - Lars Eller is hit by Brett Sutter and loses puck.
6:10 of 1st period - Penalty to Ryan Shannon is over, Ryan Shannon is back on ice.
6:53 of 1st period - Shayne Gostisbehere is hit by Bryan Bickell and loses puck.
7:23 of 1st period - Icing by Philip Larsen.
7:24 of 1st period - Anthony Nigro wins face-off versus Corey Trivino in Staline zone.
7:36 of 1st period - Off-side.
7:37 of 1st period - Tyler Brenner wins face-off versus Lars Eller in neutral zone.
7:40 of 1st period - Snap shot by Kenndal McArdle.
7:40 of 1st period - Goal by Kenndal McArdle - Atomiques : 1 - Staline : 0.
7:41 of 1st period - Lars Eller wins face-off versus Tyler Brenner in neutral zone.
8:16 of 1st period - Wrist shot by Brett Sutter.
8:16 of 1st period - Shot Misses the Net.
8:36 of 1st period - Wrist shot by Dwight King.
8:36 of 1st period - Shot Blocked by James Sheppard.
8:38 of 1st period - Wrist shot by Corey Tropp.
8:38 of 1st period - Deflect By Dwight King.
8:38 of 1st period - Shot Misses the Net.
8:38 of 1st period - Puck is out of play.
8:39 of 1st period - David Desharnais wins face-off versus Tyler Brenner in Staline zone.
8:47 of 1st period - Wrist shot by Kenndal McArdle.
8:47 of 1st period - Stopped by Allen York with a rebound.
8:49 of 1st period - Snap shot by Tyler Brenner.
8:49 of 1st period - Stopped by Allen York without a rebound.
8:50 of 1st period - Tyler Brenner wins face-off versus Jordan Caron in Staline zone.
8:51 of 1st period - Wrist shot by Ryan Shannon.
8:51 of 1st period - Stopped by Allen York with a rebound.
9:00 of 1st period - Off-side.
9:01 of 1st period - Tyler Brenner wins face-off versus Lars Eller in neutral zone.
9:34 of 1st period - Wrist shot by Dwight King.
9:34 of 1st period - Stopped by Allen York with a rebound.
9:50 of 1st period - Danny Kristo is hit by Brett Sutter and loses puck.
9:59 of 1st period - Snap shot by Brett Sutter.
9:59 of 1st period - Shot Misses the Net.
10:01 of 1st period - Slapshot by Kyle Wharton.
10:01 of 1st period - Shot Misses the Net.
10:19 of 1st period - Wrist shot by Lars Eller.
10:19 of 1st period - Shot Misses the Net.
10:49 of 1st period - Corey Tropp is hit by David Desharnais and loses puck.
10:59 of 1st period - Snap shot by James Sheppard.
10:59 of 1st period - Shot Misses the Net.
11:09 of 1st period - Tyler Pitlick is hit by Andrew Kozek and loses puck.
11:16 of 1st period - Snap shot by Lars Eller.
11:16 of 1st period - Deflect By Steve McCarthy.
11:16 of 1st period - Shot Misses the Net.
11:16 of 1st period - Puck is out of play.
11:17 of 1st period - David Desharnais wins face-off versus Tyler Brenner in Atomiques zone.
11:22 of 1st period - Wrist shot by Dustin Kohn.
11:22 of 1st period - Stopped by Sergei Bobrovsky without a rebound.
11:23 of 1st period - David Desharnais wins face-off versus Ryan Shannon in Atomiques zone.
11:48 of 1st period - Shayne Gostisbehere is hit by Dustin Kohn and loses puck.
11:53 of 1st period - Snap shot by Danny Kristo.
11:53 of 1st period - Stopped by Sergei Bobrovsky without a rebound.
11:54 of 1st period - Marc-André Cliche wins face-off versus Marek Zagrapan in Atomiques zone.
12:11 of 1st period - Wrist shot by Bryan Bickell.
12:11 of 1st period - Shot Blocked by Steve McCarthy.
12:13 of 1st period - Wrist shot by Bryan Bickell.
12:13 of 1st period - Stopped by Sergei Bobrovsky without a rebound.
12:14 of 1st period - Lars Eller wins face-off versus Tyler Brenner in Atomiques zone.
12:39 of 1st period - Dwight King is hit by David Desharnais and loses puck.
13:10 of 1st period - Slapshot by Steve McCarthy.
13:10 of 1st period - Shot Hit the Post.
13:30 of 1st period - Bryan Bickell is hit by Bobby Farnham and loses puck.
14:43 of 1st period - Icing by Brock McGinn.
14:44 of 1st period - Anthony Nigro wins face-off versus Lars Eller in Atomiques zone.
14:51 of 1st period - Backhand shot by Brock McGinn.
14:51 of 1st period - Stopped by Allen York without a rebound.
14:52 of 1st period - Tyler Pitlick wins face-off versus Tyler Brenner in Staline zone.
14:56 of 1st period - Off-side.
14:57 of 1st period - Lars Eller wins face-off versus Kenndal McArdle in neutral zone.
15:00 of 1st period - Wrist shot by Jeff Skinner.
15:00 of 1st period - Stopped by Sergei Bobrovsky with a rebound.
15:22 of 1st period - Marc-André Cliche is hit by James Sheppard and loses puck.
15:31 of 1st period - Wrist shot by James Sheppard.
15:31 of 1st period - Shot Misses the Net.
15:33 of 1st period - Snap shot by David Desharnais.
15:33 of 1st period - Deflect By Jordan Caron.
15:33 of 1st period - Shot Misses the Net.
15:33 of 1st period - Puck is out of play.
15:34 of 1st period - Tyler Brenner wins face-off versus Marek Zagrapan in Atomiques zone.
15:59 of 1st period - Tyler Pitlick is hit by Marc-André Cliche and loses puck.
16:04 of 1st period - Snap shot by Corey Tropp.
16:04 of 1st period - Stopped by Allen York with a rebound.
16:06 of 1st period - Wrist shot by Dwight King.
16:06 of 1st period - Stopped by Allen York without a rebound.
16:07 of 1st period - Lars Eller wins face-off versus Tyler Brenner in Staline zone.
16:43 of 1st period - Wrist shot by Dwight King.
16:43 of 1st period - Shot Misses the Net.
17:07 of 1st period - Snap shot by Corey Trivino.
17:07 of 1st period - Shot Misses the Net.
17:09 of 1st period - Slapshot by Brandon Burlon.
17:09 of 1st period - Deflect By Corey Tropp.
17:09 of 1st period - Stopped by Sergei Bobrovsky with a rebound.
17:11 of 1st period - Slapshot by Dustin Kohn.
17:11 of 1st period - Stopped by Sergei Bobrovsky with a rebound.
18:25 of 1st period - Wrist shot by Kenndal McArdle.
18:25 of 1st period - Stopped by Allen York without a rebound.
18:26 of 1st period - Lars Eller wins face-off versus Brett Sutter in Staline zone.
18:31 of 1st period - Wrist shot by Tyler Pitlick.
18:31 of 1st period - Deflect By Jeff Skinner.
18:31 of 1st period - Shot Misses the Net.
18:31 of 1st period - Puck is out of play.
18:32 of 1st period - Lars Eller wins face-off versus Brett Sutter in Atomiques zone.
18:39 of 1st period - Snap shot by Lars Eller.
18:39 of 1st period - Goal by Lars Eller - Atomiques : 1 - Staline : 1.
18:40 of 1st period - Tyler Brenner wins face-off versus Lars Eller in neutral zone.
19:18 of 1st period - Snap shot by Marc-André Cliche.
19:18 of 1st period - Shot Misses the Net.
19:20 of 1st period - Snap shot by Marc-André Cliche.
19:20 of 1st period - Stopped by Allen York with a rebound.
19:37 of 1st period - Slapshot by Jonas Junland.
19:37 of 1st period - Stopped by Allen York with a rebound.
19:39 of 1st period - Snap shot by Andrew Kozek.
19:39 of 1st period - Stopped by Allen York without a rebound.
19:40 of 1st period - Tyler Brenner wins face-off versus Lars Eller in Staline zone.
19:55 of 1st period - Slapshot by Tyler Brenner.
19:55 of 1st period - Shot Misses the Net.
Goals for this period are 1 for Atomiques vs 1 for Staline.
Shots for this period are 13 for Atomiques vs 9 for Staline.
2nd period
0:01 of 2nd period - Lars Eller wins face-off versus Marc-André Cliche in neutral zone.
0:04 of 2nd period - Corey Tropp is hit by Tyler Pitlick and loses puck.
1:19 of 2nd period - Lars Eller is hit by Shayne Gostisbehere and loses puck.
1:34 of 2nd period - Snap shot by Brock McGinn.
1:34 of 2nd period - Shot Blocked by Corey Trivino.
1:36 of 2nd period - Snap shot by Brock McGinn.
1:36 of 2nd period - Stopped by Allen York with a rebound.
1:38 of 2nd period - Slapshot by Steve McCarthy.
1:38 of 2nd period - Stopped by Allen York without a rebound.
1:39 of 2nd period - David Desharnais wins face-off versus Tyler Brenner in Staline zone.
1:39 of 2nd period - David Desharnais is hit by Kenndal McArdle.
1:47 of 2nd period - Backhand shot by Dustin Kohn.
1:47 of 2nd period - Shot Blocked by Kenndal McArdle.
1:49 of 2nd period - Minor Penalty to Tyler Brenner for Tripping.
1:50 of 2nd period - Lars Eller wins face-off versus Joseph Cramarossa in Atomiques zone.
1:55 of 2nd period - Snap shot by Lars Eller.
1:55 of 2nd period - Shot Misses the Net.
2:03 of 2nd period - Slapshot by Dustin Kohn.
2:03 of 2nd period - Deflect By Kenndal McArdle.
2:03 of 2nd period - Stopped by Sergei Bobrovsky without a rebound.
2:04 of 2nd period - Lars Eller wins face-off versus Kenndal McArdle in Atomiques zone.
2:51 of 2nd period - Joseph Cramarossa is hit by Jeff Skinner.
3:49 of 2nd period - Penalty to Tyler Brenner is over, Tyler Brenner is back on ice.
4:02 of 2nd period - Snap shot by Bryan Bickell.
4:02 of 2nd period - Shot Misses the Net.
4:04 of 2nd period - Slapshot by Danny Kristo.
4:04 of 2nd period - Deflect By Marek Zagrapan.
4:04 of 2nd period - Goal by Marek Zagrapan - Atomiques : 1 - Staline : 2.
4:05 of 2nd period - Lars Eller wins face-off versus Marc-André Cliche in neutral zone.
4:41 of 2nd period - Wrist shot by Tyler Brenner.
4:41 of 2nd period - Stopped by Allen York without a rebound.
4:42 of 2nd period - Lars Eller wins face-off versus Brett Sutter in Staline zone.
5:11 of 2nd period - Snap shot by David Desharnais.
5:11 of 2nd period - Shot Misses the Net.
5:17 of 2nd period - Slapshot by James Sheppard.
5:17 of 2nd period - Shot Misses the Net.
5:27 of 2nd period - Snap shot by Kenndal McArdle.
5:27 of 2nd period - Goal by Kenndal McArdle - Atomiques : 2 - Staline : 2.
5:28 of 2nd period - Lars Eller wins face-off versus Tyler Brenner in neutral zone.
5:31 of 2nd period - Kenndal McArdle is hit by Brandon Burlon and loses puck.
6:04 of 2nd period - Slapshot by James Sheppard.
6:04 of 2nd period - Deflect By David Desharnais.
6:04 of 2nd period - Shot Blocked by Steve McCarthy.
6:04 of 2nd period - Puck is out of play.
6:05 of 2nd period - Marek Zagrapan wins face-off versus Brett Sutter in Atomiques zone.
6:08 of 2nd period - Wrist shot by Marek Zagrapan.
6:08 of 2nd period - Stopped by Sergei Bobrovsky with a rebound.
6:10 of 2nd period - Slapshot by Viktor Loov.
6:10 of 2nd period - Shot Misses the Net.
6:12 of 2nd period - Slapshot by Marek Zagrapan.
6:12 of 2nd period - Shot Misses the Net.
6:14 of 2nd period - Wrist shot by Philip Larsen.
6:14 of 2nd period - Shot Misses the Net.
6:16 of 2nd period - Slapshot by Philip Larsen.
6:16 of 2nd period - Shot Misses the Net.
6:18 of 2nd period - Snap shot by Danny Kristo.
6:18 of 2nd period - Stopped by Sergei Bobrovsky without a rebound.
6:19 of 2nd period - Tyler Brenner wins face-off versus Lars Eller in Atomiques zone.
6:19 of 2nd period - Tyler Brenner is hit by Tyler Pitlick.
6:31 of 2nd period - Snap shot by Jeff Skinner.
6:31 of 2nd period - Stopped by Sergei Bobrovsky without a rebound.
6:32 of 2nd period - Tyler Brenner wins face-off versus Lars Eller in Atomiques zone.
6:32 of 2nd period - Tyler Brenner is hit by Brandon Burlon.
7:02 of 2nd period - Jeff Skinner is hit by Brett Sutter and loses puck.
7:09 of 2nd period - Slapshot by Lars Eller.
7:09 of 2nd period - Shot Misses the Net.
7:11 of 2nd period - Snap shot by Lars Eller.
7:11 of 2nd period - Shot Misses the Net.
7:13 of 2nd period - Slapshot by Brandon Burlon.
7:13 of 2nd period - Deflect By Tyler Pitlick.
7:13 of 2nd period - Stopped by Sergei Bobrovsky with a rebound.
7:15 of 2nd period - Slapshot by Dustin Kohn.
7:15 of 2nd period - Shot Blocked by Jonas Junland.
7:17 of 2nd period - Slapshot by Brandon Burlon.
7:17 of 2nd period - Stopped by Sergei Bobrovsky without a rebound.
7:18 of 2nd period - David Desharnais wins face-off versus Ryan Shannon in Atomiques zone.
7:44 of 2nd period - Davis Drewiske is hit by Marek Zagrapan and loses puck.
8:11 of 2nd period - Wrist shot by Jiri Sekac.
8:11 of 2nd period - Shot Misses the Net.
8:13 of 2nd period - Slapshot by Philip Larsen.
8:13 of 2nd period - Deflect By Corey Trivino.
8:13 of 2nd period - Shot Misses the Net.
8:13 of 2nd period - Puck is out of play.
8:14 of 2nd period - Lars Eller wins face-off versus Tyler Brenner in Atomiques zone.
8:20 of 2nd period - Icing by Tyler Brenner.
8:21 of 2nd period - Tyler Brenner wins face-off versus Lars Eller in Atomiques zone.
8:43 of 2nd period - Icing by Dustin Kohn.
8:44 of 2nd period - Marc-André Cliche wins face-off versus David Desharnais in Staline zone.
9:15 of 2nd period - Snap shot by Ryan Shannon.
9:15 of 2nd period - Deflect By Kenndal McArdle.
9:15 of 2nd period - Shot Misses the Net.
9:15 of 2nd period - Puck is out of play.
9:16 of 2nd period - Lars Eller wins face-off versus Tyler Brenner in Staline zone.
9:31 of 2nd period - Wrist shot by Lars Eller.
9:31 of 2nd period - Stopped by Sergei Bobrovsky with a rebound.
9:49 of 2nd period - Snap shot by James Sheppard.
9:49 of 2nd period - Shot Blocked by Jonas Junland.
9:51 of 2nd period - Slapshot by James Sheppard.
9:51 of 2nd period - Shot Misses the Net.
9:53 of 2nd period - Snap shot by David Desharnais.
9:53 of 2nd period - Deflect By James Sheppard.
9:53 of 2nd period - Shot Misses the Net.
9:53 of 2nd period - Puck is out of play.
9:54 of 2nd period - Marc-André Cliche wins face-off versus David Desharnais in Atomiques zone.
10:26 of 2nd period - Dwight King is hit by David Desharnais and loses puck.
10:47 of 2nd period - Wrist shot by Dwight King.
10:47 of 2nd period - Deflect By Marc-André Cliche.
10:47 of 2nd period - Shot Misses the Net.
10:47 of 2nd period - Puck is out of play.
10:48 of 2nd period - Lars Eller wins face-off versus Kenndal McArdle in Staline zone.
11:13 of 2nd period - Philip Larsen is hit by Andrew Kozek and loses puck.
11:38 of 2nd period - Slapshot by Jonas Junland.
11:38 of 2nd period - Stopped by Allen York with a rebound.
12:38 of 2nd period - Anthony Nigro is hit by Corey Trivino.
13:08 of 2nd period - Slapshot by Tyler Brenner.
13:08 of 2nd period - Goal by Tyler Brenner - Atomiques : 3 - Staline : 2.
13:09 of 2nd period - Lars Eller wins face-off versus Tyler Brenner in neutral zone.
13:24 of 2nd period - Slapshot by Tyler Pitlick.
13:24 of 2nd period - Shot Misses the Net.
13:58 of 2nd period - Jeff Skinner is hit by Brett Sutter and loses puck.
14:17 of 2nd period - Snap shot by James Sheppard.
14:17 of 2nd period - Stopped by Sergei Bobrovsky with a rebound.
14:23 of 2nd period - Jordan Caron is hit by Dwight King and loses puck.
15:02 of 2nd period - Jiri Sekac is hit by Davis Drewiske and loses puck.
15:17 of 2nd period - Snap shot by Tyler Brenner.
15:17 of 2nd period - Deflect By Brett Sutter.
15:17 of 2nd period - Shot Misses the Net.
15:17 of 2nd period - Puck is out of play.
15:18 of 2nd period - Brett Sutter wins face-off versus David Desharnais in Staline zone.
15:58 of 2nd period - Minor Penalty to Eric Mestery for Holding Stick.
15:59 of 2nd period - Tyler Pitlick wins face-off versus Kenndal McArdle in Atomiques zone.
15:59 of 2nd period - Wrist shot by Lars Eller.
15:59 of 2nd period - Shot Misses the Net.
16:01 of 2nd period - Wrist shot by Tyler Pitlick.
16:01 of 2nd period - Shot Misses the Net.
16:07 of 2nd period - Snap shot by Lars Eller.
16:07 of 2nd period - Goal by Lars Eller - Atomiques : 3 - Staline : 3.
16:08 of 2nd period - Lars Eller wins face-off versus Tyler Brenner in neutral zone.
16:11 of 2nd period - Backhand shot by Lars Eller.
16:11 of 2nd period - Stopped by Sergei Bobrovsky with a rebound.
17:18 of 2nd period - Wrist shot by Anthony Nigro.
17:18 of 2nd period - Shot Misses the Net.
17:20 of 2nd period - Slapshot by Jonas Junland.
17:20 of 2nd period - Stopped by Allen York with a rebound.
17:22 of 2nd period - Slapshot by Kyle Wharton.
17:22 of 2nd period - Goal by Kyle Wharton - Atomiques : 4 - Staline : 3.
17:23 of 2nd period - Lars Eller wins face-off versus Tyler Brenner in neutral zone.
17:26 of 2nd period - Snap shot by Tyler Pitlick.
17:26 of 2nd period - Shot Blocked by Kyle Wharton.
17:28 of 2nd period - Snap shot by Tyler Pitlick.
17:28 of 2nd period - Shot Misses the Net.
17:30 of 2nd period - Wrist shot by Jeff Skinner.
17:30 of 2nd period - Shot Misses the Net.
18:15 of 2nd period - Bobby Farnham is hit by Jiri Sekac and loses puck.
18:50 of 2nd period - Slapshot by Marek Zagrapan.
18:50 of 2nd period - Stopped by Sergei Bobrovsky without a rebound.
18:51 of 2nd period - Lars Eller wins face-off versus Anthony Nigro in Atomiques zone.
18:53 of 2nd period - Minor Penalty to Brandon Burlon for Hooking.
18:54 of 2nd period - Tyler Brenner wins face-off versus Lars Eller in Staline zone.
19:55 of 2nd period - Slapshot by Marek Zagrapan.
19:55 of 2nd period - Shot Misses the Net.
19:57 of 2nd period - Wrist shot by Marek Zagrapan.
19:57 of 2nd period - Stopped by Sergei Bobrovsky without a rebound.
19:58 of 2nd period - Marek Zagrapan wins face-off versus Tyler Brenner in Atomiques zone.
Goals for this period are 3 for Atomiques vs 2 for Staline.
Shots for this period are 8 for Atomiques vs 13 for Staline.
3rd period
0:01 of 3rd period - Lars Eller wins face-off versus Tyler Brenner in neutral zone.
0:12 of 3rd period - Snap shot by Tyler Brenner.
0:12 of 3rd period - Shot Misses the Net.
0:14 of 3rd period - Slapshot by Steve McCarthy.
0:14 of 3rd period - Shot Blocked by Lars Eller.
0:16 of 3rd period - Snap shot by Kenndal McArdle.
0:16 of 3rd period - Shot Blocked by Dustin Kohn.
0:53 of 3rd period - Penalty to Brandon Burlon is over, Brandon Burlon is back on ice.
1:06 of 3rd period - Wrist shot by Danny Kristo.
1:06 of 3rd period - Stopped by Sergei Bobrovsky with a rebound.
1:08 of 3rd period - Snap shot by Bryan Bickell.
1:08 of 3rd period - Deflect By Danny Kristo.
1:08 of 3rd period - Shot Hit the Post.
1:08 of 3rd period - Puck is out of play.
1:09 of 3rd period - Corey Trivino wins face-off versus Marc-André Cliche in Atomiques zone.
1:12 of 3rd period - Slapshot by Corey Trivino.
1:12 of 3rd period - Stopped by Sergei Bobrovsky with a rebound.
1:14 of 3rd period - Slapshot by Dustin Kohn.
1:14 of 3rd period - Shot Misses the Net.
1:24 of 3rd period - Snap shot by Marc-André Cliche.
1:24 of 3rd period - Stopped by Allen York without a rebound.
1:25 of 3rd period - Tyler Brenner wins face-off versus Lars Eller in Staline zone.
1:59 of 3rd period - Snap shot by David Desharnais.
1:59 of 3rd period - Stopped by Sergei Bobrovsky without a rebound.
2:00 of 3rd period - Tyler Brenner wins face-off versus Tyler Pitlick in Atomiques zone.
2:00 of 3rd period - Tyler Brenner is hit by Dustin Kohn.
2:10 of 3rd period - Slapshot by Dustin Kohn.
2:10 of 3rd period - Stopped by Sergei Bobrovsky without a rebound.
2:11 of 3rd period - Jeff Skinner wins face-off versus Tyler Brenner in Atomiques zone.
2:36 of 3rd period - Corey Tropp is hit by Dustin Kohn and loses puck.
3:01 of 3rd period - Slapshot by Dustin Kohn.
3:01 of 3rd period - Shot Blocked by Andrew Kozek.
3:06 of 3rd period - Off-side.
3:07 of 3rd period - Tyler Brenner wins face-off versus Lars Eller in neutral zone.
3:48 of 3rd period - Philip Larsen is hit by Corey Tropp and loses puck.
4:07 of 3rd period - Slapshot by Steve McCarthy.
4:07 of 3rd period - Stopped by Allen York without a rebound.
4:08 of 3rd period - Lars Eller wins face-off versus Tyler Brenner in Staline zone.
4:33 of 3rd period - Dustin Kohn is hit by Marc-André Cliche and loses puck.
4:40 of 3rd period - Slapshot by Brandon Burlon.
4:40 of 3rd period - Shot Blocked by Dwight King.
4:56 of 3rd period - Slapshot by Steve McCarthy.
4:56 of 3rd period - Shot Misses the Net.
4:58 of 3rd period - Slapshot by Andrew Kozek.
4:58 of 3rd period - Stopped by Allen York without a rebound.
4:59 of 3rd period - Lars Eller wins face-off versus Tyler Brenner in Staline zone.
5:31 of 3rd period - Slapshot by Dustin Kohn.
5:31 of 3rd period - Stopped by Sergei Bobrovsky without a rebound.
5:32 of 3rd period - Tyler Brenner wins face-off versus David Desharnais in Atomiques zone.
6:37 of 3rd period - Wrist shot by Tyler Brenner.
6:37 of 3rd period - Shot Blocked by Andrey Pedan.
6:39 of 3rd period - Snap shot by Tyler Brenner.
6:39 of 3rd period - Shot Misses the Net.
6:41 of 3rd period - Slapshot by Davis Drewiske.
6:41 of 3rd period - Stopped by Allen York with a rebound.
6:43 of 3rd period - Snap shot by Davis Drewiske.
6:43 of 3rd period - Stopped by Allen York without a rebound.
6:44 of 3rd period - Ryan Shannon wins face-off versus Corey Trivino in Staline zone.
6:47 of 3rd period - Snap shot by Tyler Brenner.
6:47 of 3rd period - Shot Misses the Net.
6:49 of 3rd period - Snap shot by Tyler Brenner.
6:49 of 3rd period - Stopped by Allen York without a rebound.
6:50 of 3rd period - Tyler Brenner wins face-off versus Lars Eller in Staline zone.
8:00 of 3rd period - Slapshot by Dustin Kohn.
8:00 of 3rd period - Shot Blocked by Anthony Nigro.
8:02 of 3rd period - Slapshot by Brandon Burlon.
8:02 of 3rd period - Goal by Brandon Burlon - Atomiques : 4 - Staline : 4.
8:03 of 3rd period - Tyler Brenner wins face-off versus David Desharnais in neutral zone.
8:05 of 3rd period - Off-side.
8:06 of 3rd period - Tyler Brenner wins face-off versus David Desharnais in neutral zone.
8:09 of 3rd period - Snap shot by Ryan Shannon.
8:09 of 3rd period - Shot Misses the Net.
8:21 of 3rd period - Icing by Kenndal McArdle.
8:22 of 3rd period - Lars Eller wins face-off versus Ryan Shannon in Atomiques zone.
9:37 of 3rd period - Snap shot by Anthony Nigro.
9:37 of 3rd period - Shot Misses the Net.
10:33 of 3rd period - Andrew Kozek is hit by Andrey Pedan and loses puck.
10:40 of 3rd period - Wrist shot by Marek Zagrapan.
10:40 of 3rd period - Stopped by Sergei Bobrovsky with a rebound.
10:52 of 3rd period - Slapshot by Anthony Nigro.
10:52 of 3rd period - Shot Misses the Net.
10:54 of 3rd period - Slapshot by Jonas Junland.
10:54 of 3rd period - Shot Misses the Net.
10:56 of 3rd period - Wrist shot by Brock McGinn.
10:56 of 3rd period - Shot Misses the Net.
10:58 of 3rd period - Slapshot by Jonas Junland.
10:58 of 3rd period - Stopped by Allen York without a rebound.
10:59 of 3rd period - Tyler Brenner wins face-off versus Lars Eller in Staline zone.
11:10 of 3rd period - Snap shot by Kenndal McArdle.
11:10 of 3rd period - Stopped by Allen York with a rebound.
11:27 of 3rd period - Minor Penalty to Eric Mestery for Roughing.
11:28 of 3rd period - Tyler Pitlick wins face-off versus Tyler Brenner in Atomiques zone.
11:30 of 3rd period - Snap shot by Lars Eller.
11:30 of 3rd period - Goal by Lars Eller - Atomiques : 4 - Staline : 5.
11:31 of 3rd period - Lars Eller wins face-off versus Tyler Brenner in neutral zone.
11:33 of 3rd period - Dustin Kohn is hit by Davis Drewiske and loses puck.
11:40 of 3rd period - Snap shot by Kenndal McArdle.
11:40 of 3rd period - Stopped by Allen York with a rebound.
11:42 of 3rd period - Wrist shot by Tyler Brenner.
11:42 of 3rd period - Stopped by Allen York with a rebound.
11:44 of 3rd period - Slapshot by Steve McCarthy.
11:44 of 3rd period - Stopped by Allen York without a rebound.
11:45 of 3rd period - Lars Eller wins face-off versus Marc-André Cliche in Staline zone.
12:10 of 3rd period - Kenndal McArdle is hit by Brandon Burlon and loses puck.
12:29 of 3rd period - Brett Sutter is hit by Marek Zagrapan and loses puck.
12:54 of 3rd period - Snap shot by Jiri Sekac.
12:54 of 3rd period - Shot Blocked by Jonas Junland.
12:56 of 3rd period - Snap shot by Corey Trivino.
12:56 of 3rd period - Goal by Corey Trivino - Atomiques : 4 - Staline : 6.
12:57 of 3rd period - Lars Eller wins face-off versus Tyler Brenner in neutral zone.
12:59 of 3rd period - Off-side.
13:00 of 3rd period - Lars Eller wins face-off versus Tyler Brenner in neutral zone.
13:31 of 3rd period - Slapshot by Dwight King.
13:31 of 3rd period - Deflect By Marc-André Cliche.
13:31 of 3rd period - Shot Misses the Net.
13:31 of 3rd period - Puck is out of play.
13:32 of 3rd period - Marc-André Cliche wins face-off versus Lars Eller in Staline zone.
13:41 of 3rd period - Snap shot by Dwight King.
13:41 of 3rd period - Shot Misses the Net.
13:43 of 3rd period - Minor Penalty to Lars Eller for Hooking.
13:44 of 3rd period - Marek Zagrapan wins face-off versus Ryan Shannon in Staline zone.
14:19 of 3rd period - Wrist shot by Marc-André Cliche.
14:19 of 3rd period - Deflect By Corey Tropp.
14:19 of 3rd period - Shot Hit the Post.
14:19 of 3rd period - Puck is out of play.
14:20 of 3rd period - Marc-André Cliche wins face-off versus Marek Zagrapan in Staline zone.
14:46 of 3rd period - Viktor Loov is hit by Tyler Brenner and loses puck.
15:43 of 3rd period - Penalty to Lars Eller is over, Lars Eller is back on ice.
15:46 of 3rd period - Icing by Marek Zagrapan.
15:47 of 3rd period - Corey Trivino wins face-off versus Bobby Farnham in Staline zone.
15:47 of 3rd period - Corey Trivino is hit by Brett Sutter.
16:03 of 3rd period - Snap shot by Andrew Kozek.
16:03 of 3rd period - Shot Blocked by Barclay Goodrow.
16:09 of 3rd period - Minor Penalty to Corey Trivino for High sticking.
16:10 of 3rd period - Tyler Brenner wins face-off versus Lars Eller in Staline zone.
16:11 of 3rd period - Snap shot by Ryan Shannon.
16:11 of 3rd period - Stopped by Allen York without a rebound.
16:12 of 3rd period - Lars Eller wins face-off versus Tyler Brenner in Staline zone.
16:21 of 3rd period - Snap shot by Ryan Shannon.
16:21 of 3rd period - Stopped by Allen York without a rebound.
16:22 of 3rd period - Kenndal McArdle wins face-off versus Lars Eller in Staline zone.
16:25 of 3rd period - Backhand shot by Kenndal McArdle.
16:25 of 3rd period - Shot Misses the Net.
16:27 of 3rd period - Snap shot by Kenndal McArdle.
16:27 of 3rd period - Shot Misses the Net.
16:47 of 3rd period - Lars Eller is hit by Corey Tropp.
17:00 of 3rd period - Viktor Loov is hit by Corey Tropp and loses puck.
18:09 of 3rd period - Penalty to Corey Trivino is over, Corey Trivino is back on ice.
18:35 of 3rd period - Off-side.
18:36 of 3rd period - Brett Sutter wins face-off versus Marek Zagrapan in neutral zone.
18:39 of 3rd period - Slapshot by Shayne Gostisbehere.
18:39 of 3rd period - Stopped by Allen York without a rebound.
18:40 of 3rd period - Danny Kristo wins face-off versus Brett Sutter in Staline zone.
18:45 of 3rd period - Brett Sutter is hit by Dustin Kohn and loses puck.
18:52 of 3rd period - Slapshot by Bryan Bickell.
18:52 of 3rd period - Goal by Bryan Bickell - Atomiques : 4 - Staline : 7.
18:53 of 3rd period - Tyler Brenner wins face-off versus Lars Eller in neutral zone.
19:20 of 3rd period - Dwight King is hit by Dustin Kohn and loses puck.
19:25 of 3rd period - Wrist shot by Jordan Caron.
19:25 of 3rd period - Shot Blocked by Marc-André Cliche.
19:27 of 3rd period - Wrist shot by Viktor Loov.
19:27 of 3rd period - Shot Misses the Net.
19:41 of 3rd period - Wrist shot by Jiri Sekac.
19:41 of 3rd period - Shot Misses the Net.
19:43 of 3rd period - Slapshot by Viktor Loov.
19:43 of 3rd period - Shot Misses the Net.
Goals for this period are 0 for Atomiques vs 4 for Staline.
Shots for this period are 14 for Atomiques vs 10 for Staline.
Back to the Top